 Dungeon Crawl Stone Soup version 0.31-a0-221-gbddc013574 (webtiles) character file.

Game seed: 14976656691893381380

27 reriks the Shooter (level 2, -6/26 HPs)
             Began as a Minotaur Hunter on July 4, 2023.
             Killed from afar by Natasha (7 damage)
             ... with a magic dart
             ... on level 2 of the Dungeon.
             The game lasted 00:01:06 (708 turns).

reriks the Shooter (Minotaur Hunter)                 Turns: 708, Time: 00:01:06

Health: -6/26      AC:  3    Str: 15    XL:     2   Next: 93%
Magic:  1/1        EV: 12    Int:  6    God:
Gold:   68         SH:  0    Dex: 13    Spells: 1/1 levels left

rFire   + . .        a - +0 shortbow
rCold   + . .        (shield currently unavailable)
rNeg    . . .        c - +0 leather armour
rPois   .            (helmet restricted)
rElec   .            i - scarf {rC+ rF+}
rCorr   .            (no gloves)
SInv    .            (no boots)
Will    .....        (no amulet)
Stlth   +            (no ring)
HPRegen 0.24/turn    (no ring)
MPRegen 0.07/turn

%: no passive effects
@: invisible
A: horns 2, retaliatory headbutt
a: no special abilities


You were on level 2 of the Dungeon.
You visited 1 branch of the dungeon, and saw 2 of its levels.

You collected 68 gold pieces.

Inventory:

Hand Weapons
 a - a +0 shortbow (weapon)
Armour
 c - a +0 leather armour (worn)
 i - a scarf of resistance (worn)
Scrolls
 b - a scroll of butterflies
 e - a scroll of revelation {unknown}
 f - a scroll of enchant armour {unknown}
 g - 2 scrolls of blinking {unknown}
 h - a scroll of silence {unknown}
 j - a scroll of identify {unknown}


   Skills:
 + Level 3.0 Fighting
 + Level 4.7 Ranged Weapons
 + Level 2.6 Dodging
 + Level 1.3 Stealth


You had one spell level left.
You didn't know any spells.
Your spell library contained the following spells:

 Spells                   Type           Power      Damage    Failure   Level
 Ensorcelled Hibernation  Hex/Ice        0%         N/A       67%         2
 Passwall                 Tmut/Erth      0%         N/A       67%         2
 Swiftness                Air            0%         N/A       88%         3


Dungeon Overview and Level Annotations

Branches:
Dungeon (2/15)

Altars:

Annotations:
D:2 Natasha


Innate Abilities, Weirdness & Mutations

You have a pair of horns on your head.
You reflexively headbutt those who attack you in melee.


Message History

The cerulean imp misses you. Natasha claws you.
Fire: a) +0 shortbow
Press: ? - help, Q - select action Shift-Dir - straight line, f/p - Natasha
Aim: Natasha (moderately wounded, 53% to hit)
You shoot an arrow. The arrow hits Natasha.
Natasha is severely wounded.
The cerulean imp closely misses you. Natasha claws you.
Sorry, you're not good enough to have a special ability.
Fire: a) +0 shortbow
Press: ? - help, Q - select action Shift-Dir - straight line, f/p - Natasha
Aim: Natasha (severely wounded, 53% to hit)
You shoot an arrow. The arrow barely misses Natasha.
The cerulean imp completely misses you. Natasha barely misses you.
The cerulean imp hits you with a +2 spear.
* * * LOW HITPOINT WARNING * * *
Natasha closely misses you.
Fire: a) +0 shortbow
Press: ? - help, Q - select action Shift-Dir - straight line, f/p - Natasha
Aim: Natasha (severely wounded, 53% to hit)
You shoot an arrow. The arrow hits Natasha.
Natasha is almost dead.
The cerulean imp hits you with a +2 spear.
* * * LOW HITPOINT WARNING * * *
Natasha casts a spell at you. The magic dart hits you.
* * * LOW HITPOINT WARNING * * *
It was a potion of invisibility.
You fade into invisibility!
Natasha casts a spell.
The cerulean imp barely misses you. You furiously retaliate!
You headbutt the cerulean imp.
Fire: a) +0 shortbow
Press: ? - help, Q - select action Shift-Dir - straight line, f/p - Natasha
Aim: Natasha (almost dead, 53% to hit)
You shoot an arrow. The arrow barely misses Natasha.
The cerulean imp hits you with a +2 spear.
* * * LOW HITPOINT WARNING * * *
Natasha casts a spell at you. The magic dart hits you!
You die...

## ##. .. .#
#################h#
...............5@5#
###################


You could see Natasha and 2 cerulean imps.

Vanquished Creatures
  4 endoplasms
  A giant cockroach (D:1)
  4 goblins (D:1)
  3 hobgoblins (D:1)
  2 quokkas (D:1)
  2 ball pythons (D:1)
  A bat (D:2)
  5 frilled lizards
  3 rats (D:1)
25 creatures vanquished.

Notes
Turn   | Place    | Note
-------+----------+-------------------------------------------
     0 | D:1      | reriks the Minotaur Hunter began the quest for the Orb.
     0 | D:1      | Reached XP level 1. HP: 18/18 MP: 0/0
   116 | D:1      | Reached skill level 1 in Stealth
   141 | D:1      | Reached XP level 2. HP: 25/25 MP: 1/1
   698 | D:2      | Noticed Natasha
   708 | D:2      | HP: 1/26 [cerulean imp/+2 spear[Natasha] (1)]
   708 | D:2      | Killed from afar by Natasha

Illustrated notes

Levels and vault maps discovered:
D:1:      psy_arrival_fountain, layout_basic, minmay_misc_feat_hallway,
          corexii_corridor_pit, chequers_serial_rivers_micro_e
D:2:      layout_basic, minmay_pentomino_z2, uniq_natasha

Skill      XL: |  1  2 |
---------------+-------+-----
Stealth        | 1 |  1.3
Fighting       | 3 |  3.0
Ranged Weapons | |  4.7
Dodging        | |  2.6

Action                     || total
---------------------------++-------
   Fire: Shortbow          ||    71
    Use: Potion            ||     1
 Armour: Leather armour    ||     4
  Dodge: Dodged            ||    16

Table legend: (Time is in decaauts)
 A = Elapsed time spent in this place.
 B = Non-inter-level travel time spent in this place.
 C = Inter-level travel time spent in this place.
 D = Time resting spent in this place.
 E = Time spent auto-exploring this place.
 F = Levels seen in this place.
 G = Mean time per level.
                   A        B        C        D        E       F      G
               +--------+--------+--------+--------+--------+-----+--------+
         Total |    723 |    713 |     10 |      0 |    578 |   2 |  361.5 |
       Dungeon |    723 |    713 |     10 |      0 |    578 |   2 |  361.5 |
               +--------+--------+--------+--------+--------+-----+--------+

Top non-repeatable levels by time:
     D:1: 557 daAuts
     D:2: 166 daAuts
